 Dungeon Crawl Stone Soup version 0.30-a0-568-g124715a40b (webtiles) character file.

Game seed: 2056717604768808716

95 oldriver the Sneak (level 4, 0/42 HPs)
             Began as a Naga Artificer on Dec 29, 2022.
             Slain by an orc priest
             ... wielding a +0 trident
              (5 damage)
             ... on level 3 of the Dungeon.
             The game lasted 00:02:06 (1870 turns).

oldriver the Sneak (Naga Artificer)                 Turns: 1870, Time: 00:02:07

Health: 0/42       AC:  4    Str: 14    XL:     4   Next: 65%
Magic:  4/4        EV:  9    Int: 12    God:
Gold:   73         SH:  0    Dex: 13    Spells: 3/3 levels left

rFire   . . .      SeeInvis +    m - +0 dagger
rCold   . . .      Faith    .    (no shield)
rNeg    . . .      Spirit   .    b - +0 leather armour
rPois   +          Reflect  .    (no helmet)
rElec   .          Harm     .    n - +0 cloak
rCorr   .          Rampage  .    (no gloves)
Will    .....                    (no barding)
Stlth   +++                      (no amulet)
HPRegen 0.27/turn                (no ring)
MPRegen 0.09/turn                (no ring)

@: short of breath, very slow
A: AC +1, large, see invisible, deformed body, poison resistance, slowness 2,
spit poison 1, naga tail 1
a: Spit Poison


You were on level 3 of the Dungeon.
You visited 1 branch of the dungeon, and saw 3 of its levels.

You collected 73 gold pieces.

Inventory:

Hand Weapons
 m - a +0 dagger (weapon)
Armour
 b - a +0 leather armour (worn)
 n - a +0 cloak (worn)
Jewellery
 s - a ring of fire
Wands
 c - a wand of flame (12)
 d - a wand of charming (15)
 e - a wand of iceblast (5)
Scrolls
 f - a scroll of fear {unknown}
 h - a scroll of immolation {unknown}
 i - a scroll of vulnerability {unknown}
 j - a scroll of amnesia {unknown}
 k - 2 scrolls of enchant armour {unknown}
 p - 2 scrolls of teleportation {unknown}
 q - a scroll of identify {unknown}
 r - a scroll of brand weapon {unknown}
Potions
 a - a potion of curing {unknown}
 g - a potion of haste {unknown}
 l - a potion of flight {unknown}
 o - a potion of mutation {unknown}


   Skills:
 + Level 3.1 Fighting
 - Level 1.5 Armour
 - Level 0.7 Dodging
 + Level 4.9 Stealth
 - Level 3.0 Evocations


You had 3 spell levels left.
You didn't know any spells.
Your spell library was empty.

Dungeon Overview and Level Annotations

Branches:
Dungeon (3/15)

Altars:


Innate Abilities, Weirdness & Mutations

Your serpentine skin is tough. (AC +1)
You have supernaturally acute eyesight. (SInv)
Armour fits poorly on your strangely shaped body.
Your system is resistant to poisons. (rPois)
You cover ground very slowly.
You can spit poison.
You have a snake-like lower body.


Message History

The orc priest is severely wounded.
The orc priest hits you but does no damage. x2
You hit the orc priest.
The orc priest is almost dead.
The orc priest hits you with a +0 dagger.
The orc priest hits you from afar with a +0 trident.
You hit the orc priest.
You kill the orc priest!
The orc priest hits you from afar with a +0 trident.
Your Fighting skill increases to level 3!
The orc priest barely misses you.
The orc priest hits you with a +0 trident.
Items here: ))) [ †.
The splash of poison misses the orc priest.
The splash of poison misses the orc.
The orc priest hits you with a +0 trident!
You are too injured to fight recklessly!
You are too injured to fight recklessly!
You are too injured to fight recklessly!
You are too injured to fight recklessly!
You barely miss the orc priest.
The orc priest begins to cast a cantrip, but forgets the words!
You hit the orc priest but do no damage.
The orc priest begins to cast a cantrip, but forgets the words!
You hit the orc priest but do no damage.
You have got your breath back.
The orc priest invokes the aid of Beogh against you.
Beogh smites you!
* * * LOW HITPOINT WARNING * * *
You hit the orc priest.
The orc priest is moderately wounded.
The orc priest hits you with a +0 trident.
* * * LOW HITPOINT WARNING * * *
Aiming: Spit Poison (1% risk of failure)
Press: ? - help, Shift-Dir - straight line, f/p - orc priest
Aim: an orc priest, wielding a +0 trident (moderately wounded, 59% to hit)
The splash of poison hits the orc priest.
The orc priest is moderately wounded.
The orc priest hits you with a +0 trident.
You die...

###.# #....
.########<#.#
........#.#.#
..######.#.#.#####.#
.......<...........#
...####..#.#.#####.
.......†.#.#.#
..####.#.#.#@#
.....#.#o#
###.#.#.#o#
#.#.#...# #.#.#....
.. ...... .#..._.
........ .#........


You could see an orc priest and an orc.

Vanquished Creatures
  An orc priest (D:3)
  A gnoll (D:1)
  An adder (D:3)
  A worm (D:2)
  2 orcs (D:3)
  2 endoplasms
  4 goblins
  2 hobgoblins
  6 jackals (D:2)
  2 quokkas (D:1)
  7 ball pythons
  6 bats
  2 frilled lizards (D:1)
  A kobold (D:1)
  5 rats
43 creatures vanquished.

Notes
Turn   | Place    | Note
-------+----------+-------------------------------------------
     0 | D:1      | oldriver the Naga Artificer began the quest for the Orb.
     0 | D:1      | Reached XP level 1. HP: 18/18 MP: 1/1
   103 | D:1      | Reached skill level 2 in Stealth
   344 | D:1      | Reached XP level 2. HP: 25/25 MP: 2/2
   655 | D:1      | Reached skill level 3 in Stealth
   673 | D:1      | Reached XP level 3. HP: 17/32 MP: 3/3
  1412 | D:2      | Reached skill level 4 in Stealth
  1808 | D:3      | Reached XP level 4. HP: 32/40 MP: 4/4
  1843 | D:3      | Found a faded altar of an unknown god.
  1870 | D:3      | Slain by an orc priest

Illustrated notes

Levels and vault maps discovered:
D:1:      dpeg_arrival_lava_temple_mockup, layout_basic
D:2:      layout_loops_cross
D:3:      layout_basic, ebering_ecumenical_altar_sacrificial,
          chequers_serial_rivers_room_a, interstate_on_off,
          minmay_misc_feat_room

Skill      XL: |  1  2  3  4 |
---------------+-------------+-----
Stealth        | 2 3 4 |  4.9
Fighting       | 2 3 |  3.1
Armour         | |  1.5
Dodging        | |  0.7
Evocations     | |  3.0

Action                   |  1- 3 |  4- 6 || total
-------------------------+-------+-------++-------
Melee: Club              |    34 |       ||    34
       Dagger            |    82 |    15 ||    97
 Abil: Spit Poison       |    36 |     5 ||    41
Evoke: Wand              |     3 |       ||     3
Armor: Leather armour    |    36 |     5 ||    41
Dodge: Dodged            |    61 |     8 ||    69

Table legend: (Time is in decaauts)
 A = Elapsed time spent in this place.
 B = Non-inter-level travel time spent in this place.
 C = Inter-level travel time spent in this place.
 D = Time resting spent in this place.
 E = Time spent auto-exploring this place.
 F = Levels seen in this place.
 G = Mean time per level.
                   A        B        C        D        E       F      G
               +--------+--------+--------+--------+--------+-----+--------+
         Total |   2347 |   2212 |    135 |    306 |   1445 |   3 |  782.3 |
       Dungeon |   2347 |   2212 |    135 |    306 |   1445 |   3 |  782.3 |
               +--------+--------+--------+--------+--------+-----+--------+

Top non-repeatable levels by time:
     D:1: 1226 daAuts
     D:2: 1043 daAuts
     D:3: 77 daAuts
